 Dungeon Crawl Stone Soup version 0.31-a0-161-gb58dd9be76 (webtiles) character file.

Game seed: 11788364250166444960

646 Serulin the Sneak (level 7, -4/44 HPs)
             Began as a Gargoyle Delver on June 13, 2023.
             Slain by an ogre
             ... wielding a +0 giant club
              (16 damage)
             ... on level 5 of the Dungeon.
             The game lasted 00:10:25 (3489 turns).

Serulin the Sneak (Gargoyle Delver)                 Turns: 3489, Time: 00:10:25

Health: -4/44      AC: 10    Str: 17    XL:     7   Next: 52%
Magic:  7/7        EV: 11    Int: 17    God:
Gold:   185        SH:  0    Dex: 11    Spells: 6/6 levels left

rFire   . . .        a - +1 mace (freeze)
rCold   . . .        (no shield)
rNeg    + . .        o - +0 ring mail
rPois   ∞            (no helmet)
rElec   +            (no cloak)
rCorr   .            (no gloves)
SInv    .            (no boots)
Will    .....        u - amulet of regeneration
Stlth   ++           q - +6 ring of intelligence
HPRegen 1.07/turn    (no ring)
MPRegen 0.10/turn

%: no passive effects
@: no status effects
A: sickness immunity, AC +4, negative energy resistance 1, electricity
resistance, torment resistance 1, petrification resistance
a: no special abilities


You were on level 5 of the Dungeon.
You visited 1 branch of the dungeon, and saw 5 of its levels.

You collected 185 gold pieces.

Inventory:

Hand Weapons
 a - a +1 mace of freezing (weapon)
Missiles
 b - 2 javelins
 k - 5 atropa-tipped darts
 p - 18 poisoned darts
Armour
 o - a +0 ring mail (worn)
 t - a +1 pair of boots
Jewellery
 q - a +6 ring of intelligence (left hand)
 u - an amulet of regeneration (around neck)
Wands
 g - a wand of digging (3)
Scrolls
 c - 2 scrolls of fog
 d - 2 scrolls of revelation
 e - a scroll of fear
 f - 2 scrolls of poison
 i - a scroll of teleportation
 n - a scroll of identify
 r - a scroll of immolation {unknown}
 s - a scroll of silence {unknown}
 w - a scroll of vulnerability
Potions
 h - a potion of enlightenment {unknown}
 j - 5 potions of attraction
 l - a potion of brilliance {unknown}
 m - a potion of experience {unknown}


   Skills:
 + Level 5.1 Fighting
 + Level 4.0 Maces & Flails
 * Level 4.8 Armour
 + Level 3.3 Dodging
 - Level 5.7 Stealth


You had 6 spell levels left.
You didn't know any spells.
Your spell library contained the following spells:

 Spells                   Type           Power      Damage    Failure   Level
 Beastly Appendage        Tmut           0%         N/A       38%         1
 Summon Small Mammal      Summ           0%         N/A       38%         1
 Blink                    Tloc           0%         N/A       52%         2
 Wereblood                Tmut           0%         N/A       52%         2
 Call Canine Familiar     Summ           0%         N/A       77%         3
 Inner Flame              Hex/Fire       0%         N/A       77%         3
 Spider Form              Tmut/Pois      0%         N/A       77%         3
 Summon Guardian Golem    Hex/Summ       0%         N/A       77%         3
 Animate Dead             Necr           0%         N/A       99%         4
 Flame Wave               Conj/Fire      0%         2d4       99%         4
 Manifold Assault         Tloc           0%         N/A       99%         4
 Sticky Flame             Conj/Fire      0%         2d3       99%         4
 Borgnjor's Vile Clutch   Necr/Erth      0%         N/A       100%        5
 Death Channel            Necr           0%         N/A       100%        6
 Storm Form               Tmut/Air       0%         N/A       100%        7


Dungeon Overview and Level Annotations

Branches:
Dungeon (5/15)
 Temple: D:4-7

Altars:
Okawaru
Uskayaw
Yredelemnul

Annotations:
D:5 1 runed translucent door, 1 transporter


Innate Abilities, Weirdness & Mutations

You are immune to sickness and miasma.
Your stone body is resilient. (AC +4)
You are immune to poison.
You resist negative energy. (rN+)
You are resistant to electric shocks. (rElec)
You are resistant to unholy torment.
You are immune to petrification.


Message History

Where to? (Enter - D:4, ? - help)
There is a stone staircase leading down here.
You climb downwards.
Level annotation: 1 runed translucent door
Found a pair of glowing boots, 11 gold pieces and a wand of flame (23).
Found a transporter.
There is a stone staircase leading up here.
An ogre comes into view. It is wielding a +0 giant club.
The ogre shouts!
You hear an angry hiss.
You see here a +1 pair of boots.
t - a +1 pair of boots An adder comes into view.
The ogre closely misses you.
You barely miss the ogre.
The ogre hits you with a +0 giant club!!
The adder hisses angrily.
You hit the ogre. You freeze the ogre.
The ogre is lightly wounded.
You hit the ogre. You freeze the ogre.
The ogre is moderately wounded.
The ogre hits you with a +0 giant club!!
Ouch! That really hurt!
* * * LOW HITPOINT WARNING * * *
You are too injured to fight recklessly!
You are too injured to fight recklessly!
Unknown command.
The adder attacks as you move away! The adder bites you but does no damage.
A worm comes into view.
The adder closely misses you.
Okay, then.
Okay, then.
The adder attacks as you move away! The adder closely misses you.
The adder bites you but does no damage.
You hit the adder. You freeze the adder.
The adder is lightly wounded.
The adder bites you but does no damage.
You thump the adder!
The adder seems to slow down.
You freeze the adder.
You kill the adder!
The ogre hits you with a +0 giant club!
You die...

..........##
############....##
#~~~~~SS#P8#......
#.......#..#....#
+...⌠...+/©#©...#
#.......#..#....#
#~S~~~~S#P8#....#######.
############....<.......
.......@O.....#$########
#.#.#########.#.# #....
###w.. ...## ##.# .#


You could see an ogre and 4 electric eels.

Vanquished Creatures
  Sigmund (D:2)
  A black bear (D:3)
  An ogre (D:3)
  Blork the orc (D:4)
  A scorpion (D:3)
  A hound (D:4)
  A sleepcap (D:5)
  Ijyb (D:4)
  5 adders
  4 worms
  3 dart slugs
  2 orcs
  6 ball pythons
  9 bats
  8 endoplasms
  A goblin (D:2)
  5 hobgoblins
  4 jackals (D:4)
  2 frilled lizards (D:3)
  5 kobolds
  5 rats
67 creatures vanquished.

Notes
Turn   | Place    | Note
-------+----------+-------------------------------------------
     0 | D:5      | Serulin the Gargoyle Delver began the quest for the Orb.
     0 | D:5      | Reached XP level 1. HP: 14/14 MP: 1/1
     7 | D:5      | Found a runed translucent door.
    25 | D:5      | Noticed a sleepcap
    37 | D:5      | Killed a sleepcap
    38 | D:5      | Reached XP level 2. HP: 4/20 MP: 2/2
    38 | D:5      | Reached XP level 3. HP: 5/24 MP: 3/3
   192 | D:4      | Noticed Blork the orc
   248 | D:4      | Noticed Ijyb
   301 | D:4      | Found a hide-covered altar of Uskayaw.
   353 | D:3      | Noticed a black bear
   466 | D:2      | Reached skill level 1 in Armour
   575 | D:2      | Reached XP level 4. HP: 29/29 MP: 4/4
  1591 | D:2      | Noticed Sigmund
  1600 | D:2      | Killed Sigmund
  1601 | D:2      | Reached XP level 5. HP: 31/34 MP: 5/5
  1601 | D:2      | Reached XP level 6. HP: 35/39 MP: 6/6
  2177 | D:3      | Found an iron altar of Okawaru.
  2399 | D:3      | Killed a black bear
  2400 | D:3      | Reached XP level 7. HP: 4/44 MP: 7/7
  2546 | D:3      | Found a basalt altar of Yredelemnul.
  2815 | D:4      | Identified the staff of cold "Akateh" {rElec rF- rC+
                  | Will+++ Stlth-}
  2863 | D:4      | Killed Ijyb
  3024 | D:4      | Reached skill level 5 in Fighting
  3140 | D:4      | Killed Blork the orc
  3473 | D:5      | Found a transporter.
  3489 | D:5      | Slain by an ogre

Illustrated notes

Levels and vault maps discovered:
D:1:      minmay_arrival_semitransparent, layout_basic
D:2:      layout_basic, uniq_sigmund
D:3:      layout_loops_ring, general_overflow_altar,
          mainiacjoe_overflow_tiny_flanked
D:4:      layout_basic, lemuel_tele_altar, uniq_blork_the_orc, uniq_ijyb
D:5:      gammafunk_steamed_eel, layout_loops_ring, fedhas_altar_3,
          minmay_temple_entry_statues, ebering_ghost_sewer_d,
          uniq_prince_ribbit1, uniq_crazy_yiuf_cottage

Skill      XL: |  1  2  3  4  5  6  7 |
---------------+----------------------+-----
Dodging        | 2 3 |  3.3
Armour         | 1 3 4 |  4.8
Fighting       | 4 5 |  5.1
Maces & Flails | 3 4 |  4.0
Stealth        | |  5.7

Action                     |  1- 3 |  4- 6 |  7- 9 || total
---------------------------+-------+-------+-------++-------
  Melee: Mace              |    37 |   101 |    96 ||   234
         Punch             |     1 |     1 |     1 ||     3
  Throw: Dart              |       |     2 |       ||     2
    Use: Potion            |       |     1 |       ||     1
         Scroll            |       |       |     9 ||     9
   Stab: Sleeping          |     4 |     8 |     2 ||    14
         Distracted        |       |     1 |       ||     1
 Armour: Leather armour    |     8 |     1 |       ||     9
         Ring mail         |       |    40 |    56 ||    96
  Dodge: Dodged            |    30 |    60 |    70 ||   160

Table legend: (Time is in decaauts)
 A = Elapsed time spent in this place.
 B = Non-inter-level travel time spent in this place.
 C = Inter-level travel time spent in this place.
 D = Time resting spent in this place.
 E = Time spent auto-exploring this place.
 F = Levels seen in this place.
 G = Mean time per level.
                   A        B        C        D        E       F      G
               +--------+--------+--------+--------+--------+-----+--------+
         Total |   3527 |   3427 |    100 |    106 |   2348 |   5 |  705.4 |
       Dungeon |   3527 |   3427 |    100 |    106 |   2348 |   5 |  705.4 |
               +--------+--------+--------+--------+--------+-----+--------+

Top non-repeatable levels by time:
     D:4: 967 daAuts
     D:2: 871 daAuts
     D:3: 794 daAuts
     D:1: 754 daAuts
     D:5: 139 daAuts
